 Dungeon Crawl Stone Soup version 0.30.1-11-g7821555f0a (webtiles) character file.

Game seed: 8580575255831570379

252 Dordric the Charlatan (level 6, -4/34 HPs)
             Began as a Kobold Artificer on Nov 6, 2023.
             Was an Initiate of Fedhas.
             Killed by nerve-wracking pain
             ... invoked by Grinder
              (10 damage)
             ... on level 4 of the Dungeon.
             The game lasted 00:03:29 (3087 turns).

Dordric the Charlatan (Kobold Artificer)            Turns: 3087, Time: 00:03:29

Health: -4/34      AC:  3    Str: 16    XL:     6   Next: 36%
Magic:  6/6        EV: 14    Int: 12    God:    Fedhas [......]
Gold:   199        SH:  0    Dex: 17    Spells: 5/5 levels left

rFire   . . .        p - +0 sling
rCold   . . .        (no shield)
rNeg    . . .        b - +0 leather armour
rPois   .            (no helmet)
rElec   .            (no cloak)
rCorr   .            (no gloves)
SInv    .            (no boots)
Will    .....        (no amulet)
Stlth   +++          m - +6 ring of strength
HPRegen 0.25/turn    (no ring)
MPRegen 0.10/turn

%: no passive effects
@: no status effects
A: small, no large weapons, nightstalker 3
a: Renounce Religion


You were on level 4 of the Dungeon.
You worshipped Fedhas.
Fedhas was noncommittal.
You visited 1 branch of the dungeon, and saw 4 of its levels.

You collected 199 gold pieces.

Inventory:

Hand Weapons
 a - a +0 club
 h - a +0 dagger
 p - a +0 sling (weapon)
Armour
 b - a +0 leather armour (worn)
Jewellery
 m - a +6 ring of strength (left hand)
 w - a ring of positive energy
Wands
 d - a wand of charming (15)
 e - a wand of iceblast (3)
Scrolls
 c - a scroll of identify {unknown}
 g - a scroll of fog {unknown}
 i - a scroll of vulnerability {unknown}
 j - a scroll of amnesia {unknown}
 q - a scroll of brand weapon {unknown}
 r - a scroll of teleportation {unknown}
 t - a scroll of poison {unknown}
Potions
 f - 2 potions of mutation {unknown}
 k - a potion of invisibility {unknown}
 l - 2 potions of curing {unknown}
 n - a potion of flight {unknown}
 o - a potion of lignification {unknown}
 s - a potion of haste {unknown}
 u - a potion of heal wounds {unknown}
 v - a potion of attraction {unknown}
 x - a potion of degeneration {unknown}


   Skills:
 - Level 1.1 Fighting
 + Level 4.2 Ranged Weapons
 - Level 0.7 Armour
 - Level 2.4 Dodging
 - Level 1.3 Stealth
 - Level 6.9 Evocations


You had 5 spell levels left.
You didn't know any spells.
Your spell library contained the following spells:

 Spells                   Type           Power      Damage    Failure   Level
 Kiss of Death            Conj/Necr      0%         2d5       38%         1
 Confusing Touch          Hex            0%         N/A       77%         3
 Dispel Undead            Necr           0%         3d6       99%         4


Dungeon Overview and Level Annotations

Branches:
Dungeon (4/15)
 Temple: D:4-7

Altars:
Fedhas
Makhleb

Annotations:
D:4 Grinder


Innate Abilities, Weirdness & Mutations

You are small and have problems with some larger weapons.
You are completely attuned to the shadows.


Message History

No target in view!
No target in view!
No target in view!
No target in view!
No target in view!
No target in view!
No target in view!
No target in view!
No target in view!
No target in view!
A worm comes into view.
A worm is nearby!
A worm is nearby!
You shoot a sling bullet. The sling bullet hits the worm.
The worm is lightly wounded.
You shoot a sling bullet. The sling bullet hits the worm!
The worm is heavily wounded.
Grinder comes into view.
She is carrying a wand of flame (20).
You shoot a sling bullet.
The sling bullet hits Grinder but does no damage.
You shoot a sling bullet.
The sling bullet closely misses Grinder.
Grinder hits you!
You writhe in agony.
You shoot a sling bullet. The sling bullet hits the worm.
The worm is severely wounded.
Grinder zaps a wand.
The puff of flame hits you! The worm bites you.
* * * LOW HITPOINT WARNING * * *
You are too injured to fight recklessly!
You are too injured to fight recklessly!
You are too injured to fight recklessly!
You are too injured to fight recklessly!
You are too injured to fight recklessly!
You are too injured to fight recklessly!
There are monsters nearby!
There are monsters nearby!
Grinder attacks as you move away! Grinder hits you but does no damage.
Grinder gestures at you. Pain shoots through your body!
You die...
Fedhas appreciates your contribution to the ecosystem.

.....# .....##....# .....#
....# .....# #.)# ....
.....#####@#### ....
.........w....# ....
##...####.5..########..#
##...######'###...#...#####
............. #...†#.......
..............+....#.......
............ #....#.......
##<....########...########.
#.....##....##...## ##'


You could see Grinder and a worm.

Vanquished Creatures
  2 howler monkeys (D:4)
  A hound (D:4)
  An iguana (D:2)
  3 adders
  A white imp (D:3)
  An ufetubus (D:4)
  2 worms (D:2)
  2 dart slugs
  2 orcs (D:3)
  9 ball pythons
  4 endoplasms
  4 giant cockroaches
  3 goblins
  5 hobgoblins
  4 jackals (D:2)
  4 quokkas
  6 bats
  5 frilled lizards
  5 kobolds
  6 rats
70 creatures vanquished.

Notes
Turn   | Place    | Note
-------+----------+-------------------------------------------
     0 | D:1      | Dordric the Kobold Artificer began the quest for the Orb.
     0 | D:1      | Reached XP level 1. HP: 12/12 MP: 1/1
   155 | D:1      | Reached skill level 4 in Evocations
   204 | D:1      | Reached XP level 2. HP: 16/16 MP: 2/2
   597 | D:1      | Reached XP level 3. HP: 20/20 MP: 3/3
   978 | D:2      | Reached skill level 5 in Evocations
  1258 | D:2      | Reached XP level 4. HP: 25/25 MP: 4/4
  1300 | D:2      | Reached skill level 6 in Evocations
  2166 | D:3      | Reached XP level 5. HP: 7/29 MP: 5/5
  2453 | D:3      | Identified the +0 pair of boots of the Ward {*Slow rPois
                  | rN++ Regen+}
  2595 | D:3      | Found a blossoming altar of Fedhas.
  2597 | D:3      | Found a burning altar of Makhleb.
  2659 | D:3      | Became a worshipper of Fedhas Madash
  2974 | D:4      | Reached XP level 6. HP: 27/34 MP: 6/6
  3083 | D:4      | Noticed Grinder
  3087 | D:4      | Killed from afar by Grinder

Illustrated notes

Levels and vault maps discovered:
D:1:      dpeg_arrival_solitude, layout_loops_cross,
          chequers_serial_rivers_micro_e, chequers_serial_rivers_room_a,
          palyth_stone_intersect, nrook_mini_backslash
D:2:      layout_basic
D:3:      layout_rooms, chequers_temple_overflow_statue_of_worship,
          grunt_ministairs_4
D:4:      minmay_opposing_rooms, layout_gridville, uniq_edmund, uniq_robin,
          uniq_grinder

Skill      XL: |  1  2  3  4  5  6 |
---------------+-------------------+-----
Evocations     | 4 5 6 |  6.9
Ranged Weapons | 3 4 |  4.2
Fighting       | |  1.1
Armour         | |  0.7
Dodging        | |  2.4
Stealth        | |  1.3

Action                     |  1- 3 |  4- 6 || total
---------------------------+-------+-------++-------
  Melee: Club              |    18 |       ||    18
         Dagger            |    81 |    56 ||   137
   Fire: Sling             |       |   118 ||   118
  Evoke: Wand              |    11 |     6 ||    17
   Stab: Sleeping          |    12 |     2 ||    14
 Armour: Leather armour    |    14 |    28 ||    42
  Dodge: Dodged            |    69 |   141 ||   210
